 Dungeon Crawl Stone Soup version 0.31-a0-167-g1c394c0614 (webtiles) character file.

Game seed: 3483990586147644921

14184 qw the Cleaver (level 12, -4/76 HPs)
             Began as a Gargoyle Fighter on June 14, 2023.
             Was an Elder of Okawaru.
             Killed from afar by a starcursed mass (8 damage)
             ... with an accursed screaming
             ... on level 2 of the Abyss.
             The game lasted 00:05:03 (8112 turns).

qw the Cleaver (Gargoyle Fighter)                   Turns: 8112, Time: 00:05:04

Health: -4/76      AC: 34    Str: 24 (25) XL:     12   Next: 13%
Magic:  16/16      EV: 13    Int:  8 (9)  God:    Okawaru [****..]
Gold:   1364       SH: 12    Dex:  9      Spells: 11/11 levels left

rFire   x . .        j - +0 broad axe
rCold   + . .        l - +0 kite shield
rNeg    + . .        p - +0 plate armour of Jesman {rElec rCorr}
rPois   inf          (helmet restricted)
rElec   +            e - +2 cloak
rCorr   +            q - +2 pair of gloves
SInv    .            y - +1 pair of boots
Will    .....        f - amulet of Vitality {RegenMP++ Regen++} Stlth
                     g - +5 ring of evasion
HPRegen 1.92/turn    h - ring "Lell" {rPois rF- rC+ Slay+5 Stlth+}
MPRegen 0.95/turn

%: no passive effects
@: about to teleport, heroic, glowing
A: sickness immunity, AC +8, negative energy resistance 1, electricity
resistance, torment resistance 1, petrification resistance, horns 1,
deterioration 1
a: Renounce Religion, Heroism, Finesse


You were on level 2 of the Abyss.
You worshipped Okawaru.
Okawaru was greatly pleased with you.
You visited 1 branch of the dungeon, and saw 11 of its levels.
You visited the Abyss 1 time.
You also visited: Ossuary.

You collected 1364 gold pieces.


Innate Abilities, Weirdness & Mutations

You are immune to sickness and miasma.
Your stone body is resilient. (AC +8)
You are immune to poison.
You resist negative energy. (rN+)
You are resistant to electric shocks. (rElec)
You are resistant to unholy torment.
You are immune to petrification.
You have a pair of small horns on your head.
Your body sometimes deteriorates upon taking damage.


   Skills:
 - Level 9.0(14.0) Fighting
 + Level 11.6(16.6) Axes
 - Level 2.1(7.1) Throwing
 - Level 8.0(13.0) Armour
 - Level 1.0(6.0) Dodging
 - Level 10.0(15.0) Shields
 + Level 6.4 Invocations


You had 11 spell levels left.
You didn't know any spells.
Your spell library was empty.

Inventory:

Hand Weapons
 b - a +2 heavy flail
 j - a +0 broad axe (weapon)
Missiles
 m - 2 boomerangs (quivered)
Armour
 e - a +2 cloak (worn)
 l - a +0 kite shield (worn)
 p - the +0 plate armour of Jesman (worn) {rElec rCorr}
   (You found it in an ossuary)

   rElec:     It insulates you from electricity.
   rCorr:     It protects you from acid and corrosion.
 q - a +2 pair of gloves (worn)
 y - a +1 pair of boots (worn)
Jewellery
 f - the amulet of Vitality (around neck) {RegenMP++ Regen++}
   (You found it on level 3 of the Dungeon)

   [amulet of magic regeneration]

   It increases your rate of magic regeneration.
   Regen:     It increases your rate of health regeneration.
 g - a +5 ring of evasion (left hand)
 h - the ring "Lell" (right hand) {rPois rF- rC+ Slay+5 Stlth+}
   (You acquired it on level 6 of the Dungeon)

   [ring of protection from cold]

   Slay:      It affects your accuracy & damage with ranged weapons and melee
   (+5).
   rF:        It makes you vulnerable to fire.
   rC:        It protects you from cold.
   rPois:     It protects you from poison.
   Stlth:     It makes you more stealthy.
 o - a ring of willpower
 s - a ring of resist corrosion
 t - a ring of fire
 w - a ring of protection from fire
 A - an amulet of regeneration
Scrolls
 n - a scroll of identify
Potions
 c - a potion of magic
 d - a potion of might
 i - 2 potions of lignification
 k - 2 potions of cancellation
 v - a potion of curing
 z - a potion of attraction {unknown}

Dungeon Overview and Level Annotations

Branches:
Dungeon (11/15)            Temple (0/1) D:6             Orc (0/2) D:9
Ossuary (visited)
   Lair: D:8-11

Altars:
Cheibriados
Elyvilon
Gozag
Hepliaklqana
Makhleb
Okawaru
Trog
Vehumet
Wu Jian
The Shining One

Shops:
D:4 =

Annotations:
D:3 2 transporters, qw's ghost, amateur NaHu
D:8 2 runed translucent doors
D:11 Erolcha


Message History

A starcursed mass splits.
8106 ||| Stepping ~*~*~tactically~*~*~ (hiding).
The daeva shouts!
The daeva calls down the wrath of the Shining One upon you.
The Shining One smites you!
You slice the ancient zyme!!
The ancient zyme is severely damaged.
The daeva blocks your attack.
The daeva hits you with a +3 scimitar of holy wrath! x2
You block the ancient zyme's attack. The ancient zyme barely misses you.
The daeva hits you but does no damage. x2
8108 ||| INVOKING Heroism.
You gain the combat prowess of a mighty hero.
The ancient zyme hits you but does no damage. x2
The daeva calls down the wrath of the Shining One upon you.
The Shining One smites you!
Your body deteriorates!
You feel weakened.
You slice the ancient zyme!!
You destroy the ancient zyme!
Okawaru accepts your kill. The daeva blocks your attack.
You hit the daeva. The daeva blocks your attack.
The daeva is lightly wounded.
The starcursed mass shrieks in your mind.
The daeva calls down the wrath of the Shining One upon you.
The Shining One smites you!
8111 ||| READING scroll of teleportation.
As you read the scroll of teleportation, it crumbles to dust.
You feel strangely unstable.
You feel the power of the Abyss delaying your translocation!
A starcursed mass splits.
A chorus of shrieks assaults your mind.
The daeva calls down the wrath of the Shining One upon you.
The Shining One smites you!
You slice the daeva!! Your headbutt misses the daeva.
The daeva is moderately wounded.
You slash the starcursed mass!
The starcursed mass shudders and is absorbed by its neighbour.
The starcursed mass shrieks in your mind.
You die...

### ## .#
#.#.##.#..#.
#.........#
#A#.# .
##@#.## .#
#.##....
#X.##x##
##....#
##.#.# #. #
# ###X. .
..#.


You could see a starcursed mass and a daeva.

Vanquished Creatures
  A very ugly thing (Abyss:2)
  Snorg (D:10)
  Harold (D:9)
  Erica (D:8)
  2 two-headed ogres (D:10)
  Pikel (D:5)
  A black mamba (shapeshifter) (Abyss:2)
  A smoke demon (Abyss:2)
  Joseph (D:7)
  An unseen horror (D:10)
  Maggie (D:8)
  An ancient zyme (Abyss:2)
  A troll (D:10)
  2 polar bears (D:8)
  Prince Ribbit (D:8)
  A shadow (D:9)
  An unseen horror simulacrum (D:8)
  2 wyverns
  A wraith (D:9)
  Grum (D:8)
  A steam dragon (D:8)
  9 yaks
  A neqoxec (Abyss:2)
  Menkaure (D:7)
  An acid dragon (D:11)
  A water moccasin (D:8)
  An orc warrior (D:9)
  2 black bears
  3 ice beasts
  2 ogres (D:4)
  5 wolves (D:8)
  8 centaurs
  A lemure (D:5)
  2 phantoms
  An elf zombie (Ossuary)
  A bullfrog (D:8)
  4 gnoll sergeants
  A kobold brigand (D:9)
  A scorpion (D:4)
  4 wights (D:9)
  10 killer bees
  5 electric eels
  A lava snake (D:8)
  A wyvern simulacrum (D:8)
  4 hounds
  5 orc priests
  2 jellies
  2 human zombies (Ossuary)
  2 gnoll boudas
  Jessica (D:2)
  5 iguanas
  8 orc wizards
  A statue (D:8)
  A hound zombie (Ossuary)
  4 mummies (Ossuary)
  A killer bee simulacrum (D:8)
  27 gnolls
  7 adders
  A shadow imp (D:5)
  4 white imps
  A howler monkey simulacrum (D:8)
  4 ufetubi
  An adder zombie (Ossuary)
  A worm (D:4)
  2 dart slugs
  23 orcs
  12 endoplasms
  5 giant cockroaches
  10 hobgoblins
  11 jackals
  9 quokkas
  8 ball pythons
  2 bats
  A frilled lizard (D:2)
  4 goblins
  2 goblin zombies (Ossuary)
  A jackal zombie (Ossuary)
  6 kobolds
  A kobold zombie (Ossuary)
  3 orc zombies (Ossuary)
  3 rats (D:1)
275 creatures vanquished.

Notes
Turn   | Place    | Note
-------+----------+-------------------------------------------
     0 | D:1      | qw the Gargoyle Fighter began the quest for the Orb.
     0 | D:1      | Reached XP level 1. HP: 14/14 MP: 1/1
     0 | D:1      | 0 ||| qw: Version: 0.2-a-29-g1fa15c8
     0 | D:1      | 0 ||| qw: Game counter: 4963
     0 | D:1      | 0 ||| qw: Always use a shield: true
     0 | D:1      | 0 ||| qw: God list: Okawaru
     0 | D:1      | 0 ||| qw: Allow faded altars: false
     0 | D:1      | 0 ||| qw: Do Orc after D:15 true
     0 | D:1      | 0 ||| qw: Do second Lair branch before Depths: true
     0 | D:1      | 0 ||| qw: Lair rune preference: random
     0 | D:1      | 0 ||| qw: Plans: Normal, Zot:1-4, Slime:5, God:TSO, Crypt,
                  | Tomb, Abyss, Pan, Hells, Win
     0 | D:1      | 0 ||| PLANNING D:1-11
    52 | D:1      | Reached skill level 2 in Axes
    55 | D:1      | 55 ||| Stepping ~*~*~tactically~*~*~ (stealth).
   271 | D:1      | Reached XP level 2. HP: 19/19 MP: 2/2
   772 | D:1      | 772 ||| READING 2 scrolls labelled UCVITO WYGYUH.
   775 | D:1      | 775 ||| READING scroll labelled NULOSCHIDEF.
   776 | D:1      | 776 ||| READING scroll labelled ASUHY MYPP.
   777 | D:1      | 777 ||| DRINKING 2 glowing red potions.
   778 | D:1      | 778 ||| DROPPING potion of brilliance.
   800 | D:2      | Reached skill level 3 in Axes
   804 | D:2      | Reached XP level 3. HP: 23/23 MP: 3/3
   837 | D:2      | 837 ||| Stepping ~*~*~tactically~*~*~ (stealth).
   839 | D:2      | 839 ||| Stepping ~*~*~tactically~*~*~ (stealth).
  1000 | D:2      | 1000 ||| Stepping ~*~*~tactically~*~*~ (stealth).
  1018 | D:2      | Reached XP level 4. HP: 27/28 MP: 4/4
  1118 | D:2      | 1118 ||| DROPPING +0 whip.
  1203 | D:2      | Noticed Jessica
  1213 | D:2      | Killed Jessica
  1214 | D:2      | Reached skill level 4 in Axes
  1342 | D:2      | 1342 ||| UPGRADING to +0 cloak.
  1347 | D:2      | 1347 ||| UPGRADING to ring of willpower.
  1348 | D:2      | 1348 ||| UPGRADING to ring of protection from fire.
  1349 | D:2      | 1349 ||| DROPPING ring of wizardry.
  1350 | D:2      | 1350 ||| READING 2 scrolls labelled EBRAES ZAZE.
  1351 | D:2      | 1351 ||| READING scroll labelled CEUREO QAIRAGOOQA.
  1352 | D:2      | 1352 ||| READING scroll labelled RIUNEH CUNUEPN.
  1353 | D:2      | 1353 ||| READING scroll labelled QYIMOPL XEYSM.
  1354 | D:2      | 1354 ||| DROPPING scroll of fog.
  1427 | D:3      | Noticed qw's ghost (amateur NaHu)
  1428 | D:3      | Found a transporter.
  1608 | D:3      | 1608 ||| Stepping ~*~*~tactically~*~*~ (hiding).
  1609 | D:3      | 1609 ||| Stepping ~*~*~tactically~*~*~ (hiding).
  1622 | D:3      | HP: 6/28 [orc priest/+0 dagger (2)]
  1623 | D:3      | 1623 ||| READING scroll of teleportation.
  1725 | D:3      | Reached XP level 5. HP: 29/32 MP: 5/5
  1740 | D:3      | 1740 ||| DROPPING +0 mace.
  1746 | D:3      | Found a transporter.
  1757 | D:3      | Found the amulet of Vitality {RegenMP++ Regen++}
  1769 | D:3      | 1769 ||| READING scroll labelled GIOSOI LIOSEMO.
  1770 | D:3      | 1770 ||| DRINKING 2 coppery potions.
  1771 | D:3      | 1771 ||| Stepping ~*~*~tactically~*~*~ (hiding).
  1796 | D:3      | 1796 ||| Stepping ~*~*~tactically~*~*~ (stealth).
  1806 | D:3      | Reached skill level 5 in Axes
  2158 | D:3      | 2158 ||| UPGRADING to amulet of Vitality {RegenMP++
                  | Regen++}.
  2163 | D:3      | 2163 ||| READING scroll labelled DECKIUNUMY.
  2236 | D:4      | Noticed an ogre
  2241 | D:4      | Killed an ogre
  2242 | D:4      | Reached XP level 6. HP: 39/39 MP: 6/6
  2265 | D:4      | 2265 ||| Stepping ~*~*~tactically~*~*~ (hiding).
  2269 | D:4      | 2269 ||| Stepping ~*~*~tactically~*~*~ (hiding).
  2391 | D:4      | 2391 ||| READING scroll of enchant armour.
  2391 | D:4      | 2391 ||| ENCHANTING +0 cloak.
  2442 | D:4      | Found Vaph's Jewellery Boutique.
  2444 | D:4      | 2444 ||| Stepping ~*~*~tactically~*~*~ (hiding).
  2449 | D:4      | Reached skill level 1 in Dodging
  2460 | D:4      | 2460 ||| SHOPLISTING +4 ring of slaying (1014 gold, have
                  | 143).
  2460 | D:4      | 2460 ||| SHOPLISTING +6 ring of strength (468 gold, have
                  | 143).
  2460 | D:4      | 2460 ||| SHOPLISTING amulet of reflection (390 gold, have
                  | 143).
  2460 | D:4      | 2460 ||| SHOPLISTING amulet of the acrobat (390 gold, have
                  | 143).
  2519 | D:4      | 2519 ||| Stepping ~*~*~tactically~*~*~ (stealth).
  2554 | D:4      | 2554 ||| Stepping ~*~*~tactically~*~*~ (stealth).
  2606 | D:4      | Reached XP level 7. HP: 44/44 MP: 7/7
  2688 | D:4      | Reached skill level 6 in Axes
  2851 | D:4      | Found an iron altar of Okawaru.
  2852 | D:4      | 2852 ||| PLANNING OKAWARU WORSHIP
  2864 | D:4      | 2864 ||| UPGRADING to +0 kite shield.
  2874 | D:4      | 2874 ||| DROPPING +0 buckler.
  2875 | D:4      | 2875 ||| DRINKING 2 metallic red potions.
  2912 | D:4      | Became a worshipper of Warmaster Okawaru
  2913 | D:4      | 2913 ||| PLANNING D:1-11
  3024 | D:5      | Entered Level 5 of the Dungeon
  3036 | D:5      | Noticed Pikel
  3049 | D:5      | HP: 11/44 [Pikel/+1 whip of freezing (1)]
  3050 | D:5      | 3050 ||| DRINKING potion of heal wounds.
  3053 | D:5      | Killed Pikel
  3053 | D:5      | Reached * piety under Okawaru
  3054 | D:5      | Reached skill level 6 in Shields
  3054 | D:5      | Reached XP level 8. HP: 42/48 MP: 8/8
  3054 | D:5      | 3054 ||| FLEEEEING.
  3055 | D:5      | 3055 ||| INVOKING Heroism.
  3206 | D:5      | 3206 ||| READING scroll of enchant armour.
  3206 | D:5      | 3206 ||| ENCHANTING +1 cloak.
  3213 | D:5      | 3213 ||| Stepping ~*~*~tactically~*~*~ (stealth).
  3214 | D:5      | 3214 ||| Stepping ~*~*~tactically~*~*~ (stealth).
  3215 | D:5      | 3215 ||| Stepping ~*~*~tactically~*~*~ (stealth).
  3217 | D:5      | 3217 ||| Stepping ~*~*~tactically~*~*~ (stealth).
  3220 | D:5      | 3220 ||| Stepping ~*~*~tactically~*~*~ (hiding).
  3231 | D:5      | 3231 ||| INVOKING Heroism.
  3233 | D:5      | Reached skill level 1 in Invocations
  3243 | D:5      | 3243 ||| INVOKING Heroism.
  3257 | D:5      | 3257 ||| INVOKING Heroism.
  3261 | D:5      | Reached skill level 7 in Axes
  3275 | D:5      | Found an ornate altar of the Wu Jian Council.
  3452 | D:5      | 3452 ||| UPGRADING to +0 pair of gloves.
  3457 | D:5      | 3457 ||| READING scroll of enchant armour.
  3457 | D:5      | 3457 ||| ENCHANTING +0 pair of gloves.
  3458 | D:5      | 3458 ||| DRINKING 2 glowing brown potions.
  3459 | D:5      | 3459 ||| DROPPING potion of enlightenment.
  3469 | D:6      | 3469 ||| PLANNING OSSUARY
  3476 | D:6      | Found a sand-covered staircase.
  3485 | D:6      | 3485 ||| UPGRADING to +5 ring of evasion.
  3488 | Ossuary  | Entered an ossuary
  3506 | Ossuary  | Reached skill level 3 in Invocations
  3543 | Ossuary  | Identified the +0 plate armour of Jesman {rElec rCorr}
  3631 | Ossuary  | 3631 ||| READING scroll of enchant armour.
  3631 | Ossuary  | 3631 ||| ENCHANTING +1 pair of gloves.
  3668 | Ossuary  | 3668 ||| UPGRADING to +0 plate armour of Jesman {rElec
                  | rCorr}.
  3678 | Ossuary  | 3678 ||| DROPPING +0 scale mail.
  3679 | Ossuary  | 3679 ||| DRINKING 3 amethyst potions.
  3685 | Ossuary  | 3685 ||| DRINKING 2 glowing amethyst potions.
  3686 | Ossuary  | 3686 ||| READING 2 scrolls of identify.
  3686 | Ossuary  | 3686 ||| IDENTIFYING glowing orange potion
  3687 | Ossuary  | 3687 ||| DROPPING 2 potions of ambrosia.
  3688 | Ossuary  | 3688 ||| DROPPING potion of invisibility.
  3703 | D:6      | 3703 ||| PLANNING D:1-11
  3717 | D:6      | Identified the amulet "Yjet" {Acrobat rN++ Int+3}
  3741 | D:6      | Found a staircase to the Ecumenical Temple.
  3764 | D:6      | 3764 ||| INVOKING Heroism.
  3767 | D:6      | 3767 ||| Stepping ~*~*~tactically~*~*~ (hiding).
  3777 | D:6      | Found a bloodstained altar of Trog.
  3780 | D:6      | Reached XP level 9. HP: 52/54 MP: 12/12
  3787 | D:6      | 3787 ||| INVOKING Heroism.
  3795 | D:6      | Reached skill level 1 in Throwing
  4005 | D:6      | 4005 ||| INVOKING Heroism.
  4049 | D:6      | 4049 ||| Stepping ~*~*~tactically~*~*~ (hiding).
  4052 | D:6      | 4052 ||| Stepping ~*~*~tactically~*~*~ (hiding).
  4134 | D:6      | Found a hazy altar of Hepliaklqana.
  4206 | D:6      | 4206 ||| READING scroll labelled DID VUFAEM.
  4207 | D:6      | 4207 ||| READING 3 scrolls labelled ZAURIV XYC VYU.
  4208 | D:6      | 4208 ||| READING scroll labelled QYPTIAKKYN.
  4208 | D:6      | Identified a scroll of acquirement
  4208 | D:6      | 4208 ||| ACQUIRING ring "Lell" {rPois rF- rC+ Slay+5
                  | Stlth+}
  4208 | D:6      | Acquired the ring "Lell" {rPois rF- rC+ Slay+5 Stlth+}
  4210 | D:6      | 4210 ||| UPGRADING to ring "Lell" {rPois rF- rC+ Slay+5
                  | Stlth+}.
  4212 | D:6      | 4212 ||| READING 2 scrolls of identify.
  4212 | D:6      | 4212 ||| IDENTIFYING sapphire potion
  4213 | D:6      | 4213 ||| DROPPING 2 scrolls of vulnerability.
  4251 | D:7      | 4251 ||| INVOKING Heroism.
  4299 | D:7      | Noticed Joseph
  4311 | D:7      | Killed Joseph
  4312 | D:7      | Reached skill level 8 in Axes
  4416 | D:7      | Found an opulent altar of Gozag.
  4535 | D:7      | 4535 ||| Stepping ~*~*~tactically~*~*~ (hiding).
  4536 | D:7      | 4536 ||| Stepping ~*~*~tactically~*~*~ (hiding).
  4697 | D:7      | 4697 ||| FLEEEEING.
  4698 | D:7      | 4698 ||| FLEEEEING.
  4708 | D:7      | Noticed Menkaure
  4709 | D:7      | 4709 ||| INVOKING Heroism.
  4710 | D:7      | Killed Menkaure
  4711 | D:7      | Reached skill level 6 in Fighting
  5173 | D:7      | 5173 ||| READING scroll labelled JOIHIE YQ QAGH.
  5174 | D:7      | 5174 ||| READING 2 scrolls of identify.
  5174 | D:7      | 5174 ||| IDENTIFYING fizzy clear potion
  5255 | D:8      | 5255 ||| INVOKING Heroism.
  5258 | D:8      | Reached XP level 10. HP: 60/60 MP: 13/13
  5266 | D:8      | Noticed Maggie
  5267 | D:8      | 5267 ||| Stepping ~*~*~tactically~*~*~ (hiding).
  5277 | D:8      | Killed Maggie
  5277 | D:8      | Reached ** piety under Okawaru
  5278 | D:8      | Reached skill level 9 in Axes
  5286 | D:8      | 5286 ||| Stepping ~*~*~tactically~*~*~ (hiding).
  5287 | D:8      | 5287 ||| Stepping ~*~*~tactically~*~*~ (hiding).
  5288 | D:8      | 5288 ||| Stepping ~*~*~tactically~*~*~ (hiding).
  5296 | D:8      | 5296 ||| Stepping ~*~*~tactically~*~*~ (stealth).
  5341 | D:8      | 5341 ||| Stepping ~*~*~tactically~*~*~ (stealth).
  5349 | D:8      | 5349 ||| Stepping ~*~*~tactically~*~*~ (stealth).
  5351 | D:8      | 5351 ||| Stepping ~*~*~tactically~*~*~ (hiding).
  5352 | D:8      | 5352 ||| Stepping ~*~*~tactically~*~*~ (hiding).
  5353 | D:8      | 5353 ||| Stepping ~*~*~tactically~*~*~ (hiding).
  5354 | D:8      | 5354 ||| Stepping ~*~*~tactically~*~*~ (hiding).
  5355 | D:8      | 5355 ||| Stepping ~*~*~tactically~*~*~ (hiding).
  5356 | D:8      | 5356 ||| INVOKING Heroism.
  5370 | D:8      | Reached skill level 6 in Armour
  5383 | D:8      | 5383 ||| UPGRADING to +0 broad axe.
  5384 | D:8      | 5384 ||| DROPPING +1 war axe.
  5412 | D:8      | Noticed Erica
  5413 | D:8      | 5413 ||| INVOKING Heroism.
  5420 | D:8      | Killed Erica
  5433 | D:8      | 5433 ||| READING scroll of acquirement.
  5433 | D:8      | 5433 ||| ACQUIRING 804 gold pieces
  5433 | D:8      | Acquired 804 gold pieces
  5510 | D:8      | 5510 ||| Stepping ~*~*~tactically~*~*~ (stealth).
  5512 | D:8      | 5512 ||| INVOKING Heroism.
  5516 | D:8      | Noticed Prince Ribbit
  5537 | D:8      | Killed Prince Ribbit
  5538 | D:8      | Reached skill level 9 in Shields
  5538 | D:8      | 5538 ||| INVOKING Heroism.
  5634 | D:8      | 5634 ||| Stepping ~*~*~tactically~*~*~ (stealth).
  5652 | D:8      | Found a large runed translucent door.
  5657 | D:8      | Found a large runed translucent door.
  5712 | D:8      | Found a radiant altar of Vehumet.
  5713 | D:8      | 5713 ||| INVOKING Heroism.
  5867 | D:8      | Noticed Grum
  5868 | D:8      | 5868 ||| INVOKING Heroism.
  5875 | D:8      | Killed Grum
  5875 | D:8      | Reached *** piety under Okawaru
  5876 | D:8      | Reached skill level 10 in Axes
  5937 | D:8      | Found a glowing golden altar of the Shining One.
  5937 | D:8      | Found a snail-covered altar of Cheibriados.
  5938 | D:8      | Found a burning altar of Makhleb.
  6052 | D:8      | 6052 ||| UPGRADING to +0 pair of boots.
  6057 | D:8      | 6057 ||| READING scroll of enchant armour.
  6057 | D:8      | 6057 ||| ENCHANTING +0 pair of boots.
  6058 | D:8      | 6058 ||| DROPPING +6 ring of intelligence.
  6083 | D:9      | Reached XP level 11. HP: 68/68 MP: 14/14
  6127 | D:9      | 6127 ||| Stepping ~*~*~tactically~*~*~ (hiding).
  6153 | D:9      | Found a white marble altar of Elyvilon.
  6161 | D:9      | 6161 ||| Stepping ~*~*~tactically~*~*~ (hiding).
  6217 | D:9      | 6217 ||| Stepping ~*~*~tactically~*~*~ (hiding).
  6487 | D:9      | Found a staircase to the Orcish Mines.
  6680 | D:9      | 6680 ||| INVOKING Heroism.
  6681 | D:9      | 6681 ||| Stepping ~*~*~tactically~*~*~ (stealth).
  6688 | D:9      | Noticed Harold
  6689 | D:9      | 6689 ||| Stepping ~*~*~tactically~*~*~ (hiding).
  6695 | D:9      | Received a gift from Okawaru
  6709 | D:9      | 6709 ||| INVOKING Heroism.
  6715 | D:9      | Killed Harold
  6726 | D:9      | 6726 ||| Stepping ~*~*~tactically~*~*~ (hiding).
  6731 | D:9      | 6731 ||| INVOKING Heroism.
  6754 | D:9      | 6754 ||| DROPPING amulet "Yjet" {Acrobat rN++ Int+3}.
  6762 | D:10     | Entered Level 10 of the Dungeon
  6779 | D:10     | Noticed a two-headed ogre
  6780 | D:10     | 6780 ||| INVOKING Heroism.
  6790 | D:10     | Killed a two-headed ogre
  6791 | D:10     | Reached skill level 11 in Axes
  6813 | D:10     | 6813 ||| Stepping ~*~*~tactically~*~*~ (hiding).
  6816 | D:10     | 6816 ||| Stepping ~*~*~tactically~*~*~ (hiding).
  6818 | D:10     | 6818 ||| Stepping ~*~*~tactically~*~*~ (hiding).
  6927 | D:10     | 6927 ||| Stepping ~*~*~tactically~*~*~ (hiding).
  6929 | D:10     | 6929 ||| Stepping ~*~*~tactically~*~*~ (hiding).
  6930 | D:10     | 6930 ||| Stepping ~*~*~tactically~*~*~ (hiding).
  6932 | D:10     | 6932 ||| INVOKING Heroism.
  6947 | D:10     | 6947 ||| DROPPING +0 flail.
  7054 | D:10     | Noticed Snorg
  7055 | D:10     | 7055 ||| INVOKING Heroism.
  7074 | D:10     | Killed Snorg
  7101 | D:10     | Reached **** piety under Okawaru
  7166 | D:10     | 7166 ||| INVOKING Heroism.
  7200 | D:10     | 7200 ||| Stepping ~*~*~tactically~*~*~ (hiding).
  7202 | D:10     | 7202 ||| INVOKING Heroism.
  7255 | D:10     | Noticed a two-headed ogre
  7256 | D:10     | 7256 ||| INVOKING Heroism.
  7257 | D:10     | 7257 ||| Stepping ~*~*~tactically~*~*~ (stealth).
  7263 | D:10     | Killed a two-headed ogre
  7289 | D:10     | 7289 ||| Stepping ~*~*~tactically~*~*~ (stealth).
  7291 | D:10     | 7291 ||| Stepping ~*~*~tactically~*~*~ (stealth).
  7293 | D:10     | 7293 ||| Stepping ~*~*~tactically~*~*~ (stealth).
  7296 | D:10     | 7296 ||| Stepping ~*~*~tactically~*~*~ (stealth).
  7297 | D:10     | 7297 ||| Stepping ~*~*~tactically~*~*~ (stealth).
  7303 | D:10     | Reached skill level 9 in Fighting
  7619 | D:10     | 7619 ||| READING 2 scrolls of identify.
  7619 | D:10     | 7619 ||| IDENTIFYING black potion
  7853 | D:11     | 7853 ||| Stepping ~*~*~tactically~*~*~ (hiding).
  7863 | D:11     | Noticed Erolcha
  7864 | D:11     | 7864 ||| INVOKING Heroism.
  7867 | Abyss:2  | Cast into level 2 of the Abyss (Erolcha)
  7901 | Abyss:2  | 7901 ||| Stepping ~*~*~tactically~*~*~ (stealth).
  7924 | Abyss:2  | 7924 ||| Stepping ~*~*~tactically~*~*~ (hiding).
  7925 | Abyss:2  | 7925 ||| Stepping ~*~*~tactically~*~*~ (hiding).
  7929 | Abyss:2  | Noticed a white very ugly thing
  7934 | Abyss:2  | 7934 ||| INVOKING Heroism.
  7938 | Abyss:2  | HP: 17/71 [white very ugly thing (14)]
  7939 | Abyss:2  | 7939 ||| READING 3 scrolls of teleportation.
  7948 | Abyss:2  | HP: 9/71 [white very ugly thing (13)]
  7949 | Abyss:2  | 7949 ||| DRINKING 3 potions of heal wounds.
  7949 | Abyss:2  | Gained mutation: Armour fits poorly on your strangely
                  | shaped body. [a neqoxec]
  7952 | Abyss:2  | Killed a white very ugly thing
  7953 | Abyss:2  | Reached XP level 12. HP: 42/76 MP: 14/16
  7971 | Abyss:2  | 7971 ||| DRINKING potion of mutation.
  7971 | Abyss:2  | Lost mutation: Armour fits poorly on your strangely shaped
                  | body. [potion of mutation]
  7971 | Abyss:2  | Gained mutation: Your body sometimes deteriorates upon
                  | taking damage. [potion of mutation]
  7971 | Abyss:2  | Gained mutation: You have a pair of small horns on your
                  | head. [potion of mutation]
  8017 | Abyss:2  | Noticed a yellow draconian annihilator
  8018 | Abyss:2  | HP: 10/76 [yellow draconian annihilator/entropic shot (66)]
  8019 | Abyss:2  | 8019 ||| READING 2 scrolls of teleportation.
  8020 | Abyss:2  | 8020 ||| DRINKING 2 potions of heal wounds.
  8021 | Abyss:2  | 8021 ||| INVOKING Heroism.
  8024 | Abyss:2  | HP: 19/76 [yellow draconian annihilator/glob of acid (12)]
  8025 | Abyss:2  | 8025 ||| DRINKING potion of heal wounds.
  8032 | Abyss:2  | Reached skill level 6 in Invocations
  8098 | Abyss:2  | 8098 ||| Stepping ~*~*~tactically~*~*~ (stealth).
  8103 | Abyss:2  | Noticed a daeva
  8104 | Abyss:2  | 8104 ||| Stepping ~*~*~tactically~*~*~ (stealth).
  8105 | Abyss:2  | 8105 ||| Stepping ~*~*~tactically~*~*~ (stealth).
  8105 | Abyss:2  | Noticed a starcursed mass
  8106 | Abyss:2  | 8106 ||| Stepping ~*~*~tactically~*~*~ (hiding).
  8108 | Abyss:2  | 8108 ||| INVOKING Heroism.
  8110 | Abyss:2  | HP: 16/76 [daeva/divine providence (12)]
  8111 | Abyss:2  | 8111 ||| READING scroll of teleportation.
  8111 | Abyss:2  | HP: 2/76 [daeva/divine providence (8)]
  8112 | Abyss:2  | Killed from afar by a starcursed mass

Levels and vault maps discovered:
D:1:      ncdulo_halloftheorcs, layout_loops_ring
D:2:      layout_rooms, grunt_decor_arrowhead, uniq_jessica
D:3:      layout_loops_cross, gammafunk_ghost_arena
D:4:      layout_rooms, okawaru_altar_gauntlet_db, serial_shops,
          nicolae_shop_temple_entry_statues_fountains
D:5:      layout_rooms, pdpol_wu_jian_five_deadly_venoms, uniq_pikel
D:6:      layout_basic, lemuel_doored_altar, trog_three_pillars_becter,
          minmay_temple_entry_overgrown, nicolae_ossuary_entry_ruins, hex_tiny
D:7:      layout_loops_ring, grunt_gozag_statues, centaur_isle, uniq_menkaure,
          uniq_joseph
D:8:      layout_rooms, vehumet_statue, jmf_multi_god_temple2,
          gammafunk_temple_overflow_claw, serial_ice, serial_ice_o,
          serial_ice_g, serial_ice_i, serial_ice_f, grunt_decor_junction,
          minmay_parallelograms, uniq_prince_ribbit1, uniq_maggie, uniq_grum,
          uniq_erica
D:9:      layout_roguey, elyvilon_altar_4, small_chamber_with_monster,
          chequers_serial_rivers_room_b, uniq_harold
D:10:     layout_loops_ring, hangedman_decor_lopped,
          hangedman_decor_clover_reticule, dk_noncrumbling_4,
          kennysheep_generic_room_2, uniq_snorg
D:11:     layout_cave_pools, david_lair_shrubbed, kennysheep_cross_room,
          uniq_erolcha
Abyss:2:  base: D:9, evilmike_abyss_exit_12, evilmike_abyss_exit_12

Skill      XL: |  1  2  3  4  5  6  7  8  9 10 11 12 |
---------------+-------------------------------------+-----
Axes           | 2 3 4 5 6 7 8 10 11 | 11.6
Fighting       | 4 5 6 8 9 |  9.0
Dodging        | 1 |  1.0
Shields        | 6 8 9 10 | 10.0
Invocations    | 4 5 6 |  6.4
Armour         | 4 5 6 8 |  8.0
Throwing       | 2 |  2.1

Action                     |  1- 3 |  4- 6 |  7- 9 | 10-12 || total
---------------------------+-------+-------+-------+-------++-------
  Melee: War axe           |    95 |   146 |   200 |    30 ||   471
         Broad axe         |       |       |       |   320 ||   320
         Headbutt          |       |       |       |     2 ||     2
  Throw: Boomerang         |       |     3 |    82 |    54 ||   139
         Javelin           |       |       |    18 |       ||    18
 Invoke: Heroism           |       |       |    10 |    19 ||    29
    Use: Scroll            |     3 |     8 |    10 |     6 ||    27
         Potion            |     1 |     1 |     5 |     4 ||    11
 Armour: Scale mail        |    41 |    64 |    72 |       ||   177
         Plate armour      |       |       |    61 |   226 ||   287
  Dodge: Dodged            |    53 |    64 |   168 |   152 ||   437
  Block: Buckler           |    18 |    34 |     3 |       ||    55
         Kite shield       |       |       |   128 |   200 ||   328

Table legend:
 A = Non-vault XP
 B = Vault XP
 C = Vault XP percentage of total XP
 D = Non-vault monster count
 E = Vault monster count
 F = Vault count percentage of total count
                 A         B        C        D         E       F
            +---------+---------+-------+---------+---------+-------
      Total |   11370 |    8893 |  43.9 |     212 |      62 |  22.6
            +---------+---------+-------+---------+---------+-------
        D:1 |      26 |       0 |   0.0 |      17 |       0 |   0.0
        D:2 |      70 |      37 |  34.6 |      23 |       1 |   4.2
        D:3 |     118 |       0 |   0.0 |      26 |       0 |   0.0
        D:4 |     580 |      22 |   3.7 |      17 |       6 |  26.1
        D:5 |     411 |     629 |  60.5 |      17 |       1 |   5.6
        D:6 |     503 |       0 |   0.0 |      16 |       0 |   0.0
        D:7 |     372 |    1277 |  77.4 |       8 |       8 |  50.0
        D:8 |     811 |    4019 |  83.2 |      19 |      24 |  55.8
        D:9 |    1597 |    1061 |  39.9 |      32 |       3 |   8.6
       D:10 |    3943 |    1560 |  28.3 |      28 |       3 |   9.7
       D:11 |     375 |       0 |   0.0 |       2 |       0 |   0.0
    Abyss:2 |    2564 |       0 |   0.0 |       7 |       0 |   0.0
    Ossuary |       0 |     288 | 100.0 |       0 |      16 | 100.0
            +---------+---------+-------+---------+---------+-------
